 Dungeon Crawl Stone Soup version 0.21.1-1-g345015fe64 (webtiles) character file.

1848 LilDood the Ruffian (level 8, -2/83 HPs)
             Began as a Troll Berserker on June 26, 2018.
             Was an Elder of Trog.
             Slain by a killer bee (7 damage)
             ... on level 8 of the Dungeon.
             The game lasted 00:13:46 (4998 turns).

LilDood the Ruffian (Troll Berserker)               Turns: 4998, Time: 00:13:46

Health: -2/83      AC:  6    Str: 27    XL:     8   Next: 88%
Magic:  7/7        EV: 12    Int:  4    God:    Trog [****..]
Gold:   464        SH:  0    Dex: 11    Spells: 7/7 levels left

rFire    . . .     SeeInvis .     - Unarmed
rCold    . . .     Gourm    +   (no shield)
rNeg     . . .     Faith    .   a - +0 animal skin
rPois    .         Spirit   .   (helmet restricted)
rElec    .         Reflect  .   y - +0 cloak
rCorr    .         Harm     .   (gloves unavailable)
MR       .....                  (boots unavailable)
Stlth    +.........             (no amulet)
HPRegen  0.63/turn              (no ring)
MPRegen  0.10/turn              (no ring)

@: lethally poisoned (-2 -> -7), berserk cooldown, slowed, very slow
A: large, unfitting armour, claws 3, agile 1, fast metabolism 3, gourmand, high
mp 1, regeneration 1, shaggy fur 1, tough skin 2
a: Berserk, Trog's Hand, Brothers in Arms, Burn Spellbooks, Renounce Religion


You were on level 8 of the Dungeon.
You worshipped Trog.
Trog was greatly pleased with you.
You were full.

You visited 1 branch of the dungeon, and saw 8 of its levels.

You collected 464 gold pieces.

Inventory:

Armour
 a - a +0 animal skin (worn)
 y - a +0 cloak (worn)
Jewellery
 c - a cursed ring of loudness {unknown}
 e - an uncursed ring of ice {unknown}
 i - an uncursed ring of fire {unknown}
 j - an uncursed amulet of guardian spirit {unknown}
 q - a cursed amulet of inaccuracy {unknown}
 C - a cursed amulet of inaccuracy {unknown}
Wands
 h - a wand of paralysis (14)
 p - a wand of iceblast (6)
 I - a wand of flame (29)
Scrolls
 f - 5 scrolls of magic mapping {unknown}
 g - 10 scrolls of identify {unknown}
 k - 3 scrolls of fog {unknown}
 o - 2 scrolls of enchant armour {unknown}
 s - 2 scrolls of teleportation {unknown}
 u - a scroll of immolation {unknown}
 z - 4 scrolls of remove curse {unknown}
 A - 3 scrolls of random uselessness {unknown}
 B - 2 scrolls of enchant weapon {unknown}
 D - a scroll of amnesia {unknown}
 F - a scroll of blinking {unknown}
Potions
 d - 3 potions of flight {unknown}
 l - 3 potions of haste {unknown}
 m - 2 potions of mutation
 n - 3 potions of curing {unknown}
 r - 2 potions of heal wounds {unknown}
 t - a potion of experience {unknown}
 v - a potion of brilliance {unknown}
 w - 3 potions of agility {unknown}
 x - a potion of invisibility {unknown}
 E - 2 potions of berserk rage {unknown}
 G - a potion of degeneration {unknown}
 H - a potion of might {unknown}
Comestibles
 b - 12 rations


   Skills:
 + Level 6.1 Fighting
 + Level 6.0 Dodging
 + Level 7.3 Unarmed Combat


You had 7 spell levels left.
You didn't know any spells.

Dungeon Overview and Level Annotations

Branches:
Dungeon (8/15)             Temple (0/1) D:7            Lair (0/6) D:8

Altars:
Ashenzari
Hepliaklqana
Trog

Shops:
D:4 *


Innate Abilities, Weirdness & Mutations

You are too large for most types of armour.
You have claws for hands.
Your metabolism is lightning-fast.
You like to eat raw meat.
Your natural rate of healing is unusually fast.
You are covered in fur. (AC +1)
You have very tough skin. (AC +2)
You are agile. (Dex +2)
You have an increased reservoir of magic. (+10% MP)


Message History

The adder bites you but does no damage. The killer bee barely misses you.
The killer bee misses you.
You feel sick. The adder bites you but does no damage.
You feel a strong urge to attack something.
You are no longer berserk.
You are exhausted.
You feel yourself slow down.
* * * LOW HITPOINT WARNING * * *
You feel sick.
The killer bee stings you but does no damage.
The adder bites you.
* * * LOW HITPOINT WARNING * * *
* * * LOW HITPOINT WARNING * * *
You feel very sick. The hound misses you.
* * * LOW HITPOINT WARNING * * *
You feel sick. The hound closely misses you.
The killer bee stings you but does no damage. x2
The hound closely misses you. The killer bee stings you!
You die...

....... ....+........[#
....... .....#.........#
...... .....#....<....+
#...####.....####'###+##
#......................
#......................
#......................
#...yhy................
#..ySy@................
###'######...##########
#.....##.....##.. #
+.....#.......#... #
#.....#.......#.... #
######.........###'###
#...#................
#........>........... ..
#....................


You could see a hound, 4 killer bees and an adder.

Vanquished Creatures
  Grinder (D:3)
  A warg (D:8)
  A hornet zombie (D:8)
  An ice beast (D:8)
  A sky beast (D:7)
  An orc warrior (D:8)
  An ogre (D:5)
  A black bear (D:8)
  A phantom (D:7)
  A centaur (D:4)
  Blork the orc (D:4)
  A bullfrog (D:6)
  2 scorpions
  A bullfrog zombie (D:7)
  A jelly (D:8)
  Crazy Yiuf (D:4)
  2 orc priests
  A bullfrog skeleton (D:5)
  4 orc wizards
  2 iguanas
  5 worker ants
  4 adders
  2 worms
  5 leopard geckos
  15 orcs
  3 ball pythons
  8 bats
  6 giant cockroaches
  7 goblins
  9 hobgoblins
  4 jackals (D:2)
  A quokka (D:3)
  5 frilled lizards
  8 kobolds
  A leopard gecko skeleton (D:5)
  7 rats
116 creatures vanquished.

Vanquished Creatures (others)
  A wizard (D:6)
1 creature vanquished.

Grand Total: 117 creatures vanquished

Notes
Turn   | Place    | Note
-------+----------+-------------------------------------------
     0 | D:1      | LilDood the Troll Berserker began the quest for the Orb.
     0 | D:1      | Reached XP level 1. HP: 22/22 MP: 0/0
   197 | D:1      | Reached XP level 2. HP: 29/29 MP: 1/1
   709 | D:2      | Reached XP level 3. HP: 26/36 MP: 2/2
   783 | D:2      | Reached ** piety under Trog
  1442 | D:3      | Reached XP level 4. HP: 45/45 MP: 3/3
  1796 | D:3      | Found a shattered altar of Ashenzari.
  1796 | D:3      | Noticed Grinder
  1796 | D:3      | Paralysed by Grinder for 4 turns
  1817 | D:3      | Killed Grinder
  1817 | D:3      | Reached skill level 4 in Unarmed Combat
  1817 | D:3      | Reached XP level 5. HP: 18/54 MP: 4/4
  1817 | D:3      | Reached XP level 6. HP: 21/62 MP: 5/5
  1855 | D:3      | Reached *** piety under Trog
  1898 | D:4      | Noticed Blork the orc
  1905 | D:4      | Killed Blork the orc
  1982 | D:4      | Reached skill level 5 in Unarmed Combat
  2005 | D:4      | Found Qitaus's General Store.
  2159 | D:4      | Reached XP level 7. HP: 43/71 MP: 6/6
  2241 | D:4      | Found a runed door.
  2585 | D:4      | Noticed Crazy Yiuf
  2589 | D:4      | Killed Crazy Yiuf
  2618 | D:5      | Entered Level 5 of the Dungeon
  3378 | D:6      | Found a bloodstained altar of Trog.
  3380 | D:6      | Noticed a wizard
  3386 | D:6      | Killed a wizard
  4041 | D:7      | Found a hazy altar of Hepliaklqana.
  4053 | D:7      | Reached skill level 6 in Unarmed Combat
  4187 | D:7      | Reached skill level 5 in Fighting
  4187 | D:7      | Reached skill level 5 in Dodging
  4187 | D:7      | Reached XP level 8. HP: 67/80 MP: 7/7
  4476 | D:7      | Found a staircase to the Ecumenical Temple.
  4660 | D:8      | Gained mutation: You have an increased reservoir of magic. (+10% MP) [potion of mutation]
  4660 | D:8      | Gained mutation: You are agile. (Dex +2) [potion of mutation]
  4911 | D:8      | Found a staircase to the Lair.
  4914 | D:8      | Reached **** piety under Trog
  4918 | D:8      | Reached skill level 7 in Unarmed Combat
  4998 | D:8      | Slain by a killer bee

Skill      XL: |  1  2  3  4  5  6  7  8 |
---------------+-------------------------+-----
Fighting       | 3 4 5 6 |  6.1
Dodging        | 3 4 5 6 |  6.0
Unarmed Combat | 4 5 6 7 |  7.3

Action                   |  1- 3 |  4- 6 |  7- 9 || total
-------------------------+-------+-------+-------++-------
Melee: Unarmed           |    86 |    90 |   140 ||   316
       Punch             |     2 |     2 |     6 ||    10
Invok: Berserk           |     1 |     2 |     6 ||     9
  Use: Potion            |       |       |     1 ||     1
  Eat: Chunk             |     7 |    17 |    26 ||    50
       Ration            |     1 |       |     1 ||     2
Armor: Animal skin       |    25 |    34 |    45 ||   104
Dodge: Dodged            |    56 |    57 |    94 ||   207
